Map: Ruins of Endion

Players

NewSmiLe - Winner!

  • Race: Protoss Protoss
  • League: Silver

capac

  • Race: Terran Terran
  • League: Gold

VOD

Have the link to the VOD?

Description

Time

  • Played on: April 25, 2016, 8:59 p.m.
  • Length: 13:55
Show
View Real Time Build Order
Export as new Build Order

NewSmiLe Protoss - Winner!

Build Orders:  

Get SALT Encoding   

  12  0:01  Probe (Chrono Boost)  
  13  0:12  Probe (Chrono Boost)  
  14  0:23  Pylon  
  14  0:24  Probe (Chrono Boost)  
  15  0:41  Probe (Chrono Boost)  
  16  0:43  Gateway  
  16  0:51  Probe (Chrono Boost)  
  17  0:59  Assimilator  
  17  1:02  Probe (Chrono Boost)  
  18  1:16  Probe (Chrono Boost), Gateway  
  19  1:31  Pylon  
  19  1:39  Cybernetics Core  
  19  1:42  Probe (Chrono Boost)  
  20  1:48  Assimilator  
  20  2:01  Pylon  
  20  2:07  Probe (Chrono Boost)  
  21  2:18  Probe (Chrono Boost)  
  22  2:26  Warp Gate (Chrono Boost)  
  22  2:27  Adept  
  22  2:28  Nexus, Adept  
  26  2:46  Mothership Core (Chrono Boost)  
  28  3:09  Twilight Council  
  28  3:13  Pylon  
  28  3:48  Probe  
  25  3:57  Probe  
  25  3:58  Probe  
  27  4:05  Resonating Glaives  
  27  4:09  Probe x2  
  28  4:16  Robotics Facility  
  29  4:19  Pylon  
  29  4:20  Probe  
  29  4:21  Probe  
  31  4:28  Pylon  
  31  4:31  Probe  
  32  4:44  Dark Shrine  
  32  4:56  Gateway  
  32  4:57  Gateway  
  32  4:58  Probe  
  32  5:00  Probe  
  32  5:06  Adept x2  
  38  5:08  Warp Prism  
  38  5:09  Probe  
  38  5:12  Probe  
  42  5:25  Probe  
  42  5:27  Probe  
  43  5:35  Assimilator  
  44  5:37  Probe  
  44  5:38  Probe  
  44  5:39  Assimilator  
  44  5:41  Pylon  
  46  5:43  Warp Prism  
  46  5:44  Pylon  
  46  5:48  Probe  
  46  5:49  Probe  
  50  6:01  Dark Templar x2  
  50  6:02  Dark Templar  
  56  6:07  Dark Templar  
  50  7:07  Charge  
  50  7:10  Adept x2  
  50  7:11  Adept x2  
  58  7:34  Stalker x2  
  62  7:37  Adept x2  
  64  7:54  Immortal (Chrono Boost)  
  68  8:12  Adept x3  
  74  8:14  Dark Templar  
  74  8:29  Immortal (Chrono Boost)  
  70  8:55  Nexus  
  70  8:56  Pylon  
  70  8:57  Probe  
  70  8:58  Probe, Pylon  
  70  9:02  Zealot x3  
  76  9:03  Zealot  
  76  9:09  Probe  
  81  9:10  Probe  
  81  9:16  Forge  
  82  9:18  Forge  
  82  9:20  Gateway  
  82  9:21  Probe, Gateway  
  82  9:22  Probe  
  84  9:25  Immortal (Chrono Boost), Gateway  
  84  9:29  Gateway  
  84  9:30  Gateway  
  88  9:33  Probe  
  88  9:34  Probe  
  88  9:36  Pylon  
  90  9:39  Pylon  
  90  9:42  Pylon  
  90  9:45  Probe, Pylon  
  91  9:47  Probe  
  91  9:51  Assimilator  
  92  9:54  Dark Templar, Assimilator  
  92  9:55  Dark Templar x2  
  92  9:56  Dark Templar  
  92  9:57  Immortal (Chrono Boost)  
  104  10:26  Probe  
  105  10:39  Probe  
  106  10:49  Immortal  
  106  10:51  Probe  
  111  10:59  Zealot  
  111  11:00  Zealot x2  
  111  11:01  Zealot  
  111  11:02  Zealot  
  111  11:03  Probe, Zealot  
  111  11:04  Zealot  
  126  11:05  Zealot  
  128  11:15  Probe  
  128  11:17  Forge  
  129  11:23  Immortal  
  129  11:27  Probe  
  129  11:28  Pylon  
  129  11:31  Pylon  
  128  12:02  Photon Cannon  
  128  12:06  Photon Cannon  
  128  12:08  Forge  
  128  12:10  Protoss Ground Weapons Level 1 (Chrono Boost)  
  128  12:15  Immortal  
  132  12:29  Robotics Facility  
  132  12:31  Robotics Facility  
  132  12:34  Pylon  
  132  12:37  Stargate  
  132  12:39  Stargate  
  132  12:49  Immortal  
Show
View Real Time Build Order
Export as new Build Order

capac Terran 

Build Orders: Reaper Expand 

Get SALT Encoding   

  12  0:04  SCV  
  13  0:16  SCV  
  13  0:20  Supply Depot  
  14  0:29  SCV  
  15  0:42  SCV  
  16  0:43  Barracks  
  16  0:49  Refinery  
  16  0:54  SCV  
  17  1:06  SCV  
  18  1:18  SCV  
  19  1:37  Reaper, Command Center  
  20  1:55  Barracks  
  20  1:58  Supply Depot  
  20  2:09  Marine  
  20  2:13  Orbital Command  
  21  2:29  Factory  
  21  2:38  Bunker  
  21  2:42  Barracks Reactor  
  21  2:47  Refinery, SCV  
  22  2:54  Marine  
  23  3:12  Marine  
  24  3:13  SCV  
  24  3:15  Factory Tech Lab  
  24  3:17  Starport  
  25  3:42  Marine x3  
  25  3:44  Siege Tank  
  31  4:00  Orbital Command  
  31  4:03  Medivac  
  33  4:10  SCV  
  33  4:12  Refinery  
  33  4:15  Marine x2  
  33  4:16  Barracks Tech Lab  
  36  4:27  Siege Tank  
  39  4:39  Marine x2  
  39  4:40  Marine  
  42  4:46  Engineering Bay  
  42  4:51  Starport Reactor  
  42  4:53  SCV  
  42  4:54  SCV  
  44  5:07  Marine x2  
  46  5:20  Supply Depot  
  46  5:35  Terran Infantry Weapons Level 1  
  46  5:39  Barracks  
  46  5:41  Marine x3, SCV x2  
  51  5:46  Supply Depot  
  51  5:53  SCV x2  
  53  6:07  Marine, Medivac x2  
  53  6:08  Marine x2  
  53  6:10  Stimpack  
  60  6:24  Supply Depot, SCV  
  61  6:33  Siege Tank  
  37  7:09  Missile Turret  
  34  7:38  SCV x2  
  36  7:46  Missile Turret  
  36  7:49  Missile Turret  
  36  7:50  SCV  
  37  8:04  Missile Turret  
  37  8:07  SCV x2  
  39  8:25  Marine x3  
  39  8:44  SCV x2  
  41  8:51  Missile Turret  
  41  8:56  Missile Turret, SCV x2  
  41  8:58  Refinery  
  43  9:08  SCV  
  44  9:10  SCV  
  45  9:20  SCV  
  46  9:26  SCV  
  47  9:39  Command Center  
  47  9:52  Missile Turret  
  47  9:53  Marine x2  
  47  9:54  Barracks Tech Lab  
  47  9:56  SCV  
  51  10:02  Refinery  
  51  10:03  SCV  
  51  10:04  Refinery  
  51  10:11  Marine  
  51  10:12  Marine  
  53  10:15  Marauder  
  53  10:18  Marauder  
  57  10:28  Medivac x2  
  61  10:54  Marine  
  61  10:55  Marine  
  61  10:56  Marauder  
  61  10:57  Marauder  
  67  11:18  Marauder  
  66  11:24  Marine x2  
  68  11:26  SCV x2  
  68  11:32  Liberator x2  
  60  11:47  Marauder x2, Marine x2  
  60  11:52  Combat Shields  
  60  11:53  Concussive Shells  
  70  11:55  Orbital Command  
  70  12:01  SCV  
  70  12:02  SCV  
  74  12:08  Marauder  
  76  12:23  Marauder, Marine x2  
  76  12:29  Marine  
  79  12:48  Marine x3, Armory  
  79  12:49  Marauder  
  84  12:55  SCV  
  61  13:07  Marauder  
Tags
 
Add a new tag
Caveats
  • Supply blocks, unpowered buildings, or Contaminate may cause inaccurate times.
  • Supply counts are checked every 10 seconds.